 Dungeon Crawl Stone Soup version 0.29.0-13-gc9e81de378 (webtiles) character file.

Game seed: 4899213212467380529

2557 Armakuni the Basher (level 9, -8/68 HPs)
             Began as a Human Delver on Sept 7, 2022.
             Was an Initiate of Elyvilon.
             Mangled by a wyvern (9 damage)
             ... on level 8 of the Dungeon.
             The game lasted 00:12:54 (8304 turns).

Armakuni the Basher (Human Delver)                  Turns: 8304, Time: 00:12:54

Health: -8/68      AC: 11    Str: 23    XL:     9   Next: 86%
Magic:  9/9        EV: 10    Int: 11    God:    Elyvilon [......]
Gold:   456        SH:  0    Dex: 14    Spells: 8/8 levels left

rFire   . . .      SeeInvis .   b - +0 morningstar
rCold   . . .      Faith    .   (no shield)
rNeg    + . .      Spirit   .   v - +0 scale mail
rPois   .          Reflect  .   u - +0 helmet
rElec   .          Harm     .   (no cloak)
rCorr   .          Rampage  .   s - +2 pair of gloves
Will    .....                   (no boots)
Stlth   ++........              (no amulet)
HPRegen 0.21/turn               N - ring of positive energy
MPRegen 0.11/turn               V - +6 ring of strength

@: no status effects
A: no striking features
a: Renounce Religion


You were on level 8 of the Dungeon.
You worshipped Elyvilon.
Elyvilon was noncommittal.
You visited 2 branches of the dungeon, and saw 9 of its levels.

You collected 456 gold pieces.

Inventory:

Hand Weapons
 a - a +3 morningstar of draining
 b - a +0 morningstar (weapon)
 w - a +0 mace
Missiles
 i - a curare-tipped dart
 j - 6 boomerangs
 l - 14 poisoned darts (quivered)
 G - 2 throwing nets
Armour
 g - a +0 chain mail
 s - a +2 pair of gloves (worn)
 u - a +0 helmet (worn)
 v - a +0 scale mail (worn)
Jewellery
 L - a ring of flight
 N - a ring of positive energy (left hand)
 V - a +6 ring of strength (right hand)
Wands
 k - a wand of digging (3)
 m - a wand of polymorph (8)
 p - a wand of paralysis (5)
Scrolls
 c - 2 scrolls of fog
 e - 2 scrolls of fear
 h - 4 scrolls of blinking
 r - a scroll of summoning
 t - 2 scrolls of poison
 y - a scroll of amnesia
 z - 5 scrolls of teleportation
 E - a scroll of silence {unknown}
 F - a scroll of vulnerability {unknown}
Potions
 d - a potion of cancellation
 f - 4 potions of haste
 n - a potion of heal wounds {unknown}
 o - 2 potions of ambrosia
 q - 2 potions of flight
 x - 2 potions of curing
 A - 2 potions of invisibility {unknown}
 B - 2 potions of magic
 C - 3 potions of degeneration {unknown}
 D - a potion of mutation {unknown}


   Skills:
 - Level 5.0 Fighting
 + Level 11.0 Maces & Flails
 - Level 5.0 Armour
 - Level 2.0 Dodging
 - Level 5.0 Stealth


You had 8 spell levels left.
You didn't know any spells.
Your spell library contained the following spells:

 Spells                   Type           Power      Damage    Failure   Level
 Apportation              Tloc           0%         N/A       63%         1
 Foxfire                  Conj/Fire      0%         2x1d4     63%         1
 Summon Small Mammal      Summ           0%         N/A       63%         1
 Sublimation of Blood     Necr           0%         N/A       77%         2
 Wereblood                Tmut           0%         N/A       77%         2
 Call Canine Familiar     Summ           0%         N/A       94%         3
 Conjure Flame            Conj/Fire      0%         6-21      94%         3
 Gell's Gravitas          Tloc           0%         N/A       94%         3
 Inner Flame              Hex/Fire       0%         N/A       94%         3
 Lesser Beckoning         Tloc           0%         N/A       94%         3
 Summon Guardian Golem    Hex/Summ       0%         N/A       94%         3
 Teleport Other           Tloc           0%         N/A       94%         3
 Animate Armour           Summ/Erth      0%         N/A       100%        4
 Flame Wave               Conj/Fire      0%         2d4       100%        4
 Leda's Liquefaction      Hex/Erth       0%         N/A       100%        4
 Alistair's Intoxication  Tmut/Pois      0%         N/A       100%        5
 Blade Hands              Tmut           0%         N/A       100%        5
 Borgnjor's Vile Clutch   Necr/Erth      0%         N/A       100%        5
 Lee's Rapid Deconstruct  Erth           0%         3d5*      100%        5
 Eringya's Noxious Bog    Tmut/Pois      0%         N/A       100%        6
 Iron Shot                Conj/Erth      0%         9d1       100%        6
 Statue Form              Tmut/Erth      0%         N/A       100%        6
 Summon Hydra             Summ           0%         N/A       100%        7


Dungeon Overview and Level Annotations

Branches:
Dungeon (8/15)             Temple (1/1) D:4
   Lair: D:8-11

Altars:
Ashenzari
Cheibriados
Dithmenos
Elyvilon
Fedhas
Gozag
Hepliaklqana
Kikubaaqudgha
Makhleb
Nemelex Xobeh
Qazlal
Ru
Trog
Uskayaw
Vehumet
Wu Jian
Yredelemnul
Zin
The Shining One


Message History

The steam dragon is severely wounded.
You are engulfed in a cloud of scalding steam.
You hit the steam dragon.
The steam dragon is almost dead.
You are engulfed in a cloud of scalding steam.
The steam dragon closely misses you.
The steam dragon claws you but does no damage.
You sock the steam dragon!
You kill the steam dragon!
The steam dragon scales are intact enough to wear.
You are engulfed in a cloud of scalding steam.
Training target 5.0 for Fighting reached!
Your Fighting skill increases to level 5!
Your Maces & Flails skill increases to level 11!
You barely miss the wyvern.
You are engulfed in a cloud of scalding steam.
The wyvern is engulfed in a cloud of scalding steam.
The wyvern barely misses you.
The wyvern is engulfed in a cloud of scalding steam.
The wyvern bites you but does no damage.
You hit the wyvern but do no damage.
The wyvern is moderately wounded.
The wyvern bites you!
You barely miss the wyvern.
The wyvern is moderately wounded.
The wyvern bites you.
* * * LOW HITPOINT WARNING * * *
The wyvern bites you!
* * * LOW HITPOINT WARNING * * *
You hit the wyvern. You punch the wyvern.
The wyvern is severely wounded.
The wyvern bites you!
* * * LOW HITPOINT WARNING * * *
Aiming: Paralyse
Press: ? - help, Shift-Dir - straight line, f - wyvern
Aim: a wyvern (severely wounded, chance to affect: 49%)
The wyvern resists with some effort.
The wyvern bites you.
* * * LOW HITPOINT WARNING * * *
The wyvern bites you!
You die...

...... ...... .......
##....# #.....#+#
......###........ ##
##............#.# ...
..............#.# ....
......# #....#.# .....
..#...#####...#.##......
................@l......
........###.#.#.##......
........................
......#..##.###.### ####
..#.#.##..#.#.....
..#................ .
#.#.#.####..#.#......
#.#.### #.....#.....
#.#.# #.....# ..


You could see a wyvern.

Vanquished Creatures
  Joseph (D:8)
  A steam dragon (D:8)
  2 black bears
  2 ogres
  3 centaurs
  A kobold brigand (D:7)
  2 bullfrogs
  A gnoll sergeant (D:8)
  A necrophage (D:7)
  2 scorpions
  5 killer bees
  3 hounds
  2 jellies (D:5)
  A gnoll bouda (D:6)
  2 orc priests (D:8)
  Jessica (D:2)
  Terence (D:1)
  5 iguanas
  4 orc wizards
  Robin (D:3)
  15 gnolls
  5 adders
  An ufetubus (D:3)
  2 worms (D:2)
  4 dart slugs
  23 orcs
  7 bats
  5 endoplasms
  4 giant cockroaches
  15 goblins
  7 hobgoblins
  8 jackals
  4 quokkas
  8 ball pythons
  4 frilled lizards
  10 kobolds
  6 rats
169 creatures vanquished.

Notes
Turn   | Place    | Note
-------+----------+-------------------------------------------
     0 | D:5      | Armakuni the Human Delver began the quest for the Orb.
     0 | D:5      | Reached XP level 1. HP: 18/18 MP: 1/1
     7 | D:6      | Noticed a bullfrog
    16 | D:5      | Noticed a hound
    16 | D:5      | Noticed a jelly
   172 | D:4      | Identified the +1 leather armour of Pisucw {Slay+2}
   221 | D:3      | Reached XP level 2. HP: 24/24 MP: 2/2
   338 | D:3      | Reached skill level 3 in Maces & Flails
   379 | D:3      | Reached XP level 3. HP: 22/29 MP: 3/3
   787 | D:2      | Noticed Jessica
   799 | D:2      | Killed Jessica
   800 | D:2      | Reached skill level 4 in Maces & Flails
   800 | D:2      | Reached XP level 4. HP: 28/35 MP: 4/4
  1585 | D:2      | Noticed Terence
  1616 | D:1      | Killed Terence
  1617 | D:1      | Reached XP level 5. HP: 40/41 MP: 5/5
  1761 | D:2      | Reached skill level 1 in Armour
  2324 | D:3      | Reached skill level 5 in Maces & Flails
  2709 | D:3      | Reached XP level 6. HP: 20/47 MP: 6/6
  3092 | D:4      | Noticed Robin
  3674 | D:3      | Killed Robin
  4113 | D:4      | Found a staircase to the Ecumenical Temple.
  4119 | Temple   | Entered the Ecumenical Temple
  4785 | D:5      | Reached XP level 7. HP: 52/52 MP: 7/7
  4819 | D:5      | Reached skill level 6 in Maces & Flails
  4993 | D:5      | Found a broken altar of Ashenzari.
  5600 | D:5      | Reached XP level 8. HP: 58/58 MP: 8/8
  6019 | D:5      | Reached skill level 7 in Maces & Flails
  6026 | D:5      | Reached skill level 5 in Armour
  6573 | D:7      | Reached skill level 8 in Maces & Flails
  7237 | D:7      | Reached skill level 9 in Maces & Flails
  7243 | D:7      | Reached XP level 9. HP: 55/63 MP: 9/9
  7422 | D:7      | Reached skill level 10 in Maces & Flails
  7680 | D:8      | Found a white marble altar of Elyvilon.
  7683 | D:8      | Found a glowing golden altar of the Shining One.
  8136 | D:8      | Became a worshipper of Elyvilon the Healer
  8275 | D:8      | Noticed Joseph
  8287 | D:8      | Killed Joseph
  8300 | D:8      | Reached skill level 5 in Fighting
  8300 | D:8      | Reached skill level 11 in Maces & Flails
  8303 | D:8      | HP: 3/68 [wyvern (7)]
  8304 | D:8      | HP: 1/68 [wyvern (3)]
  8304 | D:8      | Mangled by a wyvern

Illustrated notes

Levels and vault maps discovered:
D:1:      eino_arrival_cavern_e, layout_basic
D:2:      layout_basic, uniq_jessica, uniq_terence
D:3:      layout_basic
D:4:      layout_cave_pools, minmay_temple_entry_hall, uniq_robin
D:5:      layout_loops_ring, mainiacjoe_overflow_brackets
D:6:      layout_cave_pools, minivault_23
D:7:      layout_basic, grunt_decor_junction, chequers_garden
D:8:      layout_basic, grunt_temple_overflow_open, enter_bailey_3, uniq_joseph
Temple:   nicolae_temple_elliptical

Skill      XL: |  1  2  3  4  5  6  7  8  9 |
---------------+----------------------------+-----
Maces & Flails | 3 4 5 6 9 11 | 11.0
Armour         | 2 3 4 5 |  5.0
Fighting       | 5 |  5.0
Dodging        | |  2.0
Stealth        | |  5.0

Action                   |  1- 3 |  4- 6 |  7- 9 || total
-------------------------+-------+-------+-------++-------
Melee: Mace              |    59 |   208 |     3 ||   270
       Punch             |       |     3 |     2 ||     5
       Morningstar       |       |       |   215 ||   215
Throw: Dart              |       |       |     4 ||     4
Evoke: Wand              |       |       |     5 ||     5
  Use: Scroll            |     2 |     6 |     8 ||    16
       Potion            |       |     3 |     1 ||     4
 Stab: Sleeping          |     3 |    15 |     8 ||    26
       Paralysed         |       |       |     7 ||     7
Armor: Leather armour    |    19 |    86 |    52 ||   157
       Skin              |       |    11 |       ||    11
       Scale mail        |       |       |    40 ||    40
Dodge: Dodged            |    31 |   143 |   145 ||   319
